[Event "*** Titled Tuesday Blitz"]
[Site "Chess.com"]
[Date "2020.03.03"]
[Round "7"]
[White "brutoman"]
[Black "Resignify"]
[Result "0-1"]
[WhiteElo "1934"]
[BlackElo "2210"]
[TimeControl "180+1"]
[EndTime "14:16:37 PST"]
[Termination "Resignify won on time"]

1. e4 d6 2. d4 Nf6 3. Nc3 g6 4. Be3 c6 5. Nf3 Bg7 6. Qd2 h6 7.
Bd3 Ng4 8. Bf4 e5 9. dxe5 Nxe5 10. Nxe5 dxe5 11. Be3 Qe7 12. O-O Nd7 13. a4 Nc5 14. Bc4 a5 15. f3 Ne6 16. Nd1 Nf4 17.
Qf2 Be6 18. Bc5 Qg5 19. Bxe6 Nxe6 20. Ba3 Rd8 21. Ne3 Bf8 22. Bxf8 Kxf8 23. Rad1 Kg7 24. c3 Nf4 25. Kh1 h5 26. h4 Qe7 27. g3 Nd3 28. Qc2 Nc5 29. Kg2 Rxd1 30. Rxd1 Rd8 31.
Rxd8 Qxd8 32. b3 Qd7 33. Nc4 Qc7 34. Qd1 b5 35. axb5 cxb5 36. Ne3 Qd7 37. Nd5 Ne6 38. Qa1 Qd8 39. c4 bxc4 40. Qxe5+ Kh7 41. Nf6+ Kh6 42. Ng4+ hxg4 43. fxg4 Qd2+ 44. Kh3 Qd8 45. bxc4 Kh7 0-1

[Event "*** Titled Tuesday Blitz"]
[Site "Chess.com"]
[Date "2020.03.03"]
[Round "7"]
[White "aquaticpineapples"]
[Black "HashtagChess"]
[Result "0-1"]
[WhiteElo "2234"]
[BlackElo "1619"]
[TimeControl "180+1"]
[EndTime "14:16:38 PST"]
[Termination "HashtagChess won by checkmate"]

1. d4 Nf6 2. Nf3 e6 3. Nbd2 c5 4. e3 d5 5. b3 Nc6 6. a3 b6 7.
Bd3 Bb7 8. Bb2 Bd6 9. Ne5 O-O 10. O-O Ne4 11. Nxe4 Nxe5 12. Nxd6 Nxd3 13. Nxb7 Nxb2 14. Nxd8 Nxd1 15. Nxe6 Nxe3 16. Nxf8 Nxf1 17. Nxh7 Nxh2 18. Ng5 Ng4 19. dxc5 bxc5 20. Rd1 Rd8 21. Ne4 c4 22. bxc4 d4 23. c3 d3 24. Nc5 Ne5 25. f4 Nxc4 26.
a4 d2 27. Ne4 f5 28. Nxd2 Rxd2 29. Rxd2 Nxd2 30. Kf2 Ne4+ 31. Ke3 Nxc3 32. a5 Nd5+ 33. Kf3 Nb4 34. Ke3 Nc6 35. a6 Nb4 36. Kd4 Nxa6 37.
Kc4 Nc7 38. Kc5 a5 39. g3 Kf7 40. Kc4 Ke6 41. Kb3 Kd5 42. Ka4 Ke4 43. Kxa5 Kf3 44.
Kb6 Kxg3 45. Kxc7 Kxf4 46. Kd6 Kg4 47. Ke6 f4 48. Ke5 Kg3 49. Ke4 f3 50. Kd3 Kg2 51.
Kd2 f2 52. Ke3 f1=Q 53. Ke4 Kg3 54. Ke5 Qf4+ 55. Ke6 Kg4 56. Ke7 Kg5 57. Kd7 Qf6 58. Ke8 Kf5 59. Kd7 Ke5 60. Ke8 Qg6+ 61. Kf8 Qd6+ 62.
Kg8 Qc7 63. Kh7 g5+ 64. Kg6 g4 65. Kg5 Qg7+ 66. Kh4 g3 67. Kh5 g2 68. Kh4 g1=Q 69. Kh3 Qh1# 0-1

[Event "*** Titled Tuesday Blitz"]
[Site "Chess.com"]
[Date "2020.03.03"]
[Round "7"]
[White "Willychess95"]
[Black "Rsnr"]
[Result "1-0"]
[WhiteElo "2642"]
[BlackElo "2788"]
[TimeControl "180+1"]
[EndTime "14:16:40 PST"]
[Termination "Willychess95 won by resignation"]

1. e4 c6 2. Nc3 d5 3. Nf3 Bg4 4.
d4 e6 5. h3 Bh5 6. exd5 cxd5 7. Bf4 Nc6 8. Bb5 Bd6 9. Bxd6 Qxd6 10. g4 Bg6 11. Ne5 Ne7 12. Qd2 f6 13. Nxg6 Nxg6 14. O-O-O a6 15. Bxc6+ Qxc6 16. h4 Ne7 17. Rhe1 O-O-O 18. Qe3 Rd6 19. h5 Re8 20. f4 b5 21. Kb1 Kb7 22. a3 Nc8 23. Na2 Rdd8 24. Nc1 Nd6 25. Nb3 Kb6 26. Qd3 Ne4 27. Re2 f5 28. g5 Rc8 29. Rde1 Qd6 30. Qe3 Rc6 31. c3 a5 32.
Nc1 Rec8 33. Nd3 Rxc3 34. bxc3 Qxa3 35. Rc1 Rxc3 36. Rxc3 Nxc3+ 37. Kc2 Qa2+ 38. Kxc3 b4+ 39. Nxb4 axb4+ 40. Kxb4 Qc4+ 41. Ka3 Ka5 42. Kb2 Qb4+ 43.
Kc2 Qc4+ 44. Qc3+ 1-0

[Event "*** Titled Tuesday Blitz"]
[Site "Chess.com"]
[Date "2020.03.03"]
[Round "7"]
[White "Martins-BR"]
[Black "FearNoEvil12"]
[Result "0-1"]
[WhiteElo "2314"]
[BlackElo "2027"]
[TimeControl "180+1"]
[EndTime "14:16:41 PST"]
[Termination "FearNoEvil12 won on time"]

1. e4 a6 2. d4 b5 3. Bd3 Bb7 4. Nf3 e6 5. Qe2 Nf6 6. c3 d6 7. Bg5 h6 8. Bh4 Be7 9. Nbd2 Nbd7 10. h3 g5 11. Bg3 Rg8 12. O-O-O c5 13. e5 dxe5 14.
dxe5 Nd5 15. Ne4 Qb6 16. Nd6+ Bxd6 17. exd6 c4 18. Be4 O-O-O 19. a3 N7f6 20. Bc2 Kb8 21. Ne5 Rgf8 22. Rhe1 Ka8 23. Nxf7 Rxf7 24. Qxe6 Rfd7 25.
Be5 a5 26. Bxf6 Rxd6 27. Bxd8 Rxe6 28. Bxb6 Rxb6 29. Re8+ Ka7 30. Be4 Nc7 31. Re7 Bxe4 32. Rxc7+ Ka6 33. Re7 Bd3 34. f3 b4 35. axb4 axb4 36.
cxb4 Kb5 37. Rde1 Kxb4 38. Ra7 c3 39. bxc3+ Kxc3 40. Ra3+ Kd4 41. Rxd3+ Kxd3 42. Re8 Ra6 43. Kb2 Rc6 44. Kb3 Rb6+ 45. Ka3 Kc3 46. Rc8+ Kd2 47.
Re8 Rd6 48. Kb3 Rd3+ 49. Kc4 Re3 50. Rh8 Re6 51. Kd5 Rg6 52. g4 Ke3 53. Rf8 Ra6 54. Ke5 Kf2 55. f4 Kg3 56. f5 Kxh3 57. f6 Kxg4 58. f7 Ra7 59. Kf6 h5 60. Re8 Rxf7+ 61. Kxf7 h4 62. Kg6 h3 63. Re5 Kg3 64. Rxg5+ Kf2 0-1

[Event "*** Titled Tuesday Blitz"]
[Site "Chess.com"]
[Date "2020.03.03"]
[Round "7"]
[White "Abund"]
[Black "elohunter1999"]
[Result "0-1"]
[WhiteElo "2654"]
[BlackElo "2458"]
[TimeControl "180+1"]
[EndTime "14:16:43 PST"]
[Termination "elohunter1999 won on time"]

1. e4 c5 2. Nf3 Nc6 3. Nc3 e5 4. Bc4 Be7 5. d3 Nf6 6. Ng5 O-O 7. f4 exf4 8. Bxf4 d6 9. O-O Bg4 10. Qd2 Qd7 11. a4 Nd4 12. h3 Be6 13. Bxe6 fxe6 14. Ne2 Nh5 15. Be3 Rxf1+ 16. Rxf1 Nxe2+ 17. Qxe2 Ng3 18. Qf3 Nxf1 19. Qf7+ Kh8 20. Nxe6 Rg8 21. Kxf1 Qe8 22. Qf5 Bf6 23. c3 Qxa4 24. Ke2 Qc2+ 25. Bd2 Qxb2 26. e5 dxe5 27. Nxc5 Qb6 28. Ne4 Qc6 29.
g4 Rf8 30. g5 g6 31. Qg4 Bg7 32. h4 a5 33. h5 gxh5 34. Qxh5 a4 35. c4 a3 36. Bc3 a2 37. Nf6 Bxf6 38. gxf6 Qxf6 39. Bxe5 a1=Q 40. Bxa1 Qxa1 41. Ke3 Qe1+ 42. Kd4 Qe7 43. Kc3 Qg7+ 44. Kb3 h6 45. c5 Kh7 46. Kc4 Qf7+ 47. Qxf7+ Rxf7 48. Kd5 h5 49. Ke6 Rg7 50. d4 h4 51. d5 h3 52. d6 h2 53. d7 Rg8 54.
d8=Q Rxd8 55. Ke7 Rc8 56. Kd6 Rc6+ 57. Kd5 h1=Q+ 0-1

[Event "*** Titled Tuesday Blitz"]
[Site "Chess.com"]
[Date "2020.03.03"]
[Round "7"]
[White "praveenb2002"]
[Black "Aleksey_Sorokin"]
[Result "1-0"]
[WhiteElo "2688"]
[BlackElo "2834"]
[TimeControl "180+1"]
[EndTime "14:16:44 PST"]
[Termination "praveenb2002 won by resignation"]

1. e4 e5 2. Nf3 Nc6 3. Bb5 a6 4. Ba4 Nf6 5. O-O Bc5 6. c3 b5 7. Bc2 d5 8. exd5 Qxd5 9. Bb3 Qd6 10. d4 exd4 11. Re1+ Be6 12. Bxe6 fxe6 13. cxd4 Nxd4 14.
Nc3 O-O 15. Be3 Nxf3+ 16. Qxf3 Bxe3 17. Qxe3 Rae8 18. h3 b4 19. Rad1 Qc6 20. Ne4 Nd5 21. Qd4 Rf4 22. g3 Rf5 23. Nc5 Nf6 24. Nd3 a5 25.
Ne5 Qd5 26. g4 Rxe5 27. Rxe5 Qxa2 28. g5 Nd5 29. Rde1 Rf8 30. Rxe6 Nf4 31. Re7 Nh5 32. Rxc7 Kh8 33. Qc5 Qg8 34. Ree7 Rd8 35. Red7 Re8 36. Qd4 Rf8 37. Re7 a4 38. Qxb4 Qd5 39. Qg4 Nf4 40.
Rxg7 Qe4 41. Rxh7+ Qxh7 42. Rxh7+ Kxh7 43. Qd7+ Kg8 44. Qxa4 Nxh3+ 45. Kg2 Nf4+ 46. Kg3 Ne2+ 47. Kg4 Rxf2 48.
Qe8+ Kg7 49. Qe7+ Kg8 50. Qd8+ Kf7 51. Qc7+ Ke8 52. Qb8+ Kd7 53. Qa7+ 1-0

[Event "*** Titled Tuesday Blitz"]
[Site "Chess.com"]
[Date "2020.03.03"]
[Round "7"]
[White "WeAintSurePal"]
[Black "pedromartinez91"]
[Result "1-0"]
[WhiteElo "2344"]
[BlackElo "2541"]
[TimeControl "180+1"]
[EndTime "14:16:44 PST"]
[Termination "WeAintSurePal won on time"]

1. e4 e6 2. d4 d5 3. Nc3 Nf6 4. e5 Ne4 5. Nce2 f6 6. Nf3 c5 7. c3 Nc6 8. Ng3 cxd4 9. cxd4 Bb4+ 10. Bd2 Nxd2 11. Nxd2 Nxd4 12. exf6 Qxf6 13. Bd3 O-O 14. O-O e5 15. Nb3 e4 16. Bb1 Nc6 17. Qxd5+ Be6 18. Qxe4 g6 19. Qe3 Rae8 20. Ne4 Qxb2 21. Qg3 Bxb3 22. Qxb3+ Qxb3 23. axb3 a5 24. f3 Nd4 25. Bd3 Kg7 26. Rab1 Rc8 27. Rfd1 Rfd8 28. Kf2 Nc6 29. Ng5 Bc5+ 30. Kf1 Rd6 31. Bc4 Rxd1+ 32. Rxd1 Be7 33. Rd7 h6 34. Ne4 Rd8 35. Rxb7 Kf8 36. Rc7 Nb4 37. Nc5 Bxc5 38. Rxc5 Rd1+ 39. Ke2 Rb1 40. Rxa5 Rb2+ 41. Ke3 Rxg2 42. Ra7 Rxh2 43. Rf7+ Ke8 44.
Rf6 g5 45. Re6+ Kd8 46. Rb6 Nc2+ 47. Ke4 Kc7 48. Rg6 Ne1 49. Rg7+ Kb6 50. Rg6+ Kc5 51. f4 Ng2 52. fxg5 Nh4 53. Rxh6 1-0

[Event "*** Titled Tuesday Blitz"]
[Site "Chess.com"]
[Date "2020.03.03"]
[Round "7"]
[White "almaguerjm"]
[Black "volcanoexplorer"]
[Result "1-0"]
[WhiteElo "2330"]
[BlackElo "2549"]
[TimeControl "180+1"]
[EndTime "14:16:44 PST"]
[Termination "almaguerjm won by checkmate"]

1. e4 e5 2. Nf3 Nc6 3. Bb5 a6 4. Ba4 Nf6 5. O-O Be7 6. Re1 b5 7. Bb3 O-O 8. c3 d6 9. h3 Nb8 10. a4 Bb7 11. d3 Nbd7 12. Be3 c5 13. Nbd2 Qc7 14. c4 b4 15. Nf1 h6 16. g4 Nh7 17. Ng3 Nb8 18. Nf5 Nc6 19. Kg2 Bc8 20.
Rh1 Be6 21. Bc2 Kh8 22. b3 Nd4 23. Bxd4 cxd4 24. h4 Bxf5 25. gxf5 g6 26. Qd2 Rg8 27. f6 Bf8 28. Qxb4 Nxf6 29. Qd2 Nh5 30. Rag1 Nf4+ 31. Kf1 a5 32. Nxd4 Qc5 33. Ne2 Ne6 34. Rh3 Bg7 35.
Rf3 Ra7 36. Rf6 Kh7 37. d4 exd4 38. Rxe6 fxe6 39. e5 Qxe5 40. Rxg6 Rf8 41. Rxe6+ d3 42. Qxd3+ Kg8 43. Qh7+ Kf7 44. Rxe5 dxe5 45. Be4 Kf6 46.
Qf5+ Ke7 47. Qh7 Rf7 48. Bd5 Kd6 49. Bxf7 Rxf7 50. Qg6+ Ke7 51. Ng3 Bf6 52. Nf5+ Ke6 53. Nxh6 Rd7 54. Qf5+ Ke7 55. Ng8+ Ke8 56. Qxd7+ Kf8 57.
Nxf6 e4 58. h5 e3 59. h6 e2+ 60. Kg2 e1=Q 61. Qg7# 1-0

[Event "*** Titled Tuesday Blitz"]
[Site "Chess.com"]
[Date "2020.03.03"]
[Round "7"]
[White "Gordima"]
[Black "vova-79"]
[Result "1-0"]
[WhiteElo "2784"]
[BlackElo "2548"]
[TimeControl "180+1"]
[EndTime "14:16:45 PST"]
[Termination "Gordima won on time"]

1. d4 d5 2. c4 c6 3. Nf3 Nf6 4. e3 e6 5. b3 Nbd7 6. Bb2 Bd6 7. Bd3 O-O 8. O-O b6 9. Nbd2 Bb7 10. Ne5 c5 11. cxd5 Nxd5 12. Ndc4 Be7 13. Nxd7 Qxd7 14. Ne5 Qd8 15. dxc5 Bxc5 16. Qg4 Nf6 17. Qg3 Qe7 18. Nd7 Qxd7 19. Bxf6 g6 20. Rad1 Qc6 21. Be2 Rfe8 22. a4 a6 23. Rc1 Qd6 24. Be5 Qf8 25. Bf3 Bxf3 26. Qxf3 f5 27. h4 Rac8 28. h5 Qf7 29. hxg6 Qxg6 30. Rc4 b5 31. axb5 axb5 32. Rh4 Bf8 33. g3 Rc5 34. Bd4 Rd5 35. Kg2 Bg7 36. Bxg7 Qxg7 37. Rfh1 Red8 38. b4 R8d7 39. Qf4 Qg6 40.
Rh6 Qg7 41. Rxe6 Qg4 42. Qb8+ Kg7 43. Qe8 Rd2 44. Re7+ Rxe7 45. Qxe7+ Kg8 46. Qxh7+ Kf8 47. Qh8+ Kf7 48. Rh7+ Ke6 49. Qe8+ Kd5 50. Rd7+ Kc4 51. Rxd2 1-0

[Event "*** Titled Tuesday Blitz"]
[Site "Chess.com"]
[Date "2020.03.03"]
[Round "7"]
[White "Darhild"]
[Black "Saitama_Hero"]
[Result "1-0"]
[WhiteElo "2691"]
[BlackElo "2322"]
[TimeControl "180+1"]
[EndTime "14:16:46 PST"]
[Termination "Darhild won on time"]

1. e4 e6 2. d4 d5 3. Nc3 Bb4 4. e5 c5 5. a3 Bxc3+ 6. bxc3 Ne7 7. Qg4 Qc7 8. Qxg7 Rg8 9. Qxh7 cxd4 10. Ne2 Nbc6 11. f4 dxc3 12. Qd3 d4 13. h4 b6 14. h5 Bb7 15. Rg1 O-O-O 16. g4 Nd5 17. Rb1 Qe7 18.
g5 Kb8 19. Kf2 Ndb4 20. axb4 Nxb4 21. Qc4 Nxc2 22. Bg2 Bxg2 23. Kxg2 Qb7+ 24. Kh2 Qf3 25. Ng3 Rc8 26. Qe2 Qxe2+ 27. Nxe2 d3 28. Nxc3 Rxc3 29.
Bd2 Rcc8 30. h6 Nd4 31. Rgf1 Nf5 32. Kh3 Rgd8 33. Kg4 Rc2 34. Rfd1 Kb7 35. Kf3 a5 36. Bxa5 Nd4+ 37. Kg4 Nf5 38. Rxb6+ Ka7 39. Rbb1 Ne3+ 40. Kf3 Nxd1 41. Bb6+ Ka6 42. Bxd8 Nc3 43. Ra1+ Kb5 44. Ba5 1-0

[Event "*** Titled Tuesday Blitz"]
[Site "Chess.com"]
[Date "2020.03.03"]
[Round "7"]
[White "Art_Vandelay1980"]
[Black "OparinGrigoriy"]
[Result "1-0"]
[WhiteElo "2780"]
[BlackElo "2994"]
[TimeControl "180+1"]
[EndTime "14:16:49 PST"]
[Termination "Art_Vandelay1980 won by checkmate"]

1. e4 e5 2. Nf3 Nc6 3. Bc4 Nf6 4. d3 h6 5. O-O d6 6. c3 g5 7.
Nbd2 Bg7 8. Bb3 a6 9. Nc4 Be6 10. Re1 O-O 11. h4 g4 12. Nh2 Qd7 13. Nf1 d5 14.
exd5 Nxd5 15. Ng3 Nf4 16. Bxf4 exf4 17. Nh5 f3 18. gxf3 Rae8 19. d4 Bh8 20. Ne3 Bxb3 21.
axb3 f5 22. fxg4 Ne7 23. Qf3 Kh7 24. Nxf5 Nxf5 25. Rxe8 Qxe8 26. gxf5 Rg8+ 27. Kh1 Qf7 28. Rg1 Rxg1+ 29. Kxg1 Bf6 30. Qg4 Be7 31. f6 Bd6 32. Qf5+ Qg6+ 33. Ng3 Bf8 34. h5 Qxf5 35. Nxf5 Kg8 36.
Ng3 Kf7 37. Ne4 Ke6 38. Kg2 Kf5 39. Kf3 c6 40. b4 b6 41. b3 a5 42. bxa5 bxa5 43.
Ke3 Kg4 44. c4 Kxh5 45. d5 cxd5 46. cxd5 Kg6 47. d6 Bxd6 48. Nxd6 Kxf6 49. Nc4 h5 50. Nxa5 h4 51. Kf3 Kf5 52. b4 Ke5 53. b5 Kd6 54. b6 Kd7 55. b7 Kc7 56. Kg4 Kb8 57. Kxh4 Ka7 58. f4 Kb8 59. f5 Ka7 60. f6 Ka6 61. f7 Kxa5 62. b8=Q Ka6 63. f8=Q Ka5 64. Qa3# 1-0

[Event "*** Titled Tuesday Blitz"]
[Site "Chess.com"]
[Date "2020.03.03"]
[Round "7"]
[White "Perecke"]
[Black "ChainsOfFantasia"]
[Result "1-0"]
[WhiteElo "2324"]
[BlackElo "2527"]
[TimeControl "180+1"]
[EndTime "14:16:50 PST"]
[Termination "Perecke won on time"]

1. e4 e6 2. d4 d5 3. Nc3 Nf6 4. e5 Nfd7 5. Nce2 c5 6. c3 Nc6 7. f4 Be7 8. Nf3 O-O 9. g3 f6 10. Bg2 cxd4 11. cxd4 fxe5 12. fxe5 Qb6 13. a3 Ndxe5 14.
dxe5 Nxe5 15. Nf4 Ng4 16. Qe2 g5 17. Nd3 Bd7 18. h3 Nh6 19. Be3 Qc7 20. O-O Nf5 21. Nxg5 Qxg3 22. Bf4 Qh4 23. Nxe6 Rfe8 24. Rae1 Bf6 25.
Bxd5 Kh8 26. Qf3 Rg8+ 27. Kh1 Ng3+ 28. Bxg3 Rxg3 29. Qxf6+ Qxf6 30. Rxf6 Rxd3 31. Bc4 Rxh3+ 32. Kg2 Rh4 33. Nf4 Rg4+ 34. Kf3 Rg7 35. Rd1 Bc6+ 36. Bd5 Bxd5+ 37. Rxd5 Re8 38. Rdf5 h6 39. Rxh6+ Kg8 40. Rg6 Rxg6 41. Nxg6 Kg7 42. Ne5 Re6 43. Kf4 Rb6 44. b4 a5 45. bxa5 Rb5 46. Rf7+ Kg8 47. Rc7 Rxa5 48.
Nc4 Rxa3 49. Nxa3 b5 50. Rb7 b4 51. Rxb4 1-0

[Event "*** Titled Tuesday Blitz"]
[Site "Chess.com"]
[Date "2020.03.03"]
[Round "7"]
[White "kayrakamer"]
[Black "ural58"]
[Result "1-0"]
[WhiteElo "2604"]
[BlackElo "2402"]
[TimeControl "180+1"]
[EndTime "14:16:54 PST"]
[Termination "kayrakamer won by resignation"]

1. Nf3 d5 2. d4 Nc6 3. Bf4 Bg4 4. Nbd2 e6 5. e3 Bd6 6. Bg3 Nf6 7. Be2 O-O 8. O-O Re8 9. c4 Bxg3 10. hxg3 e5 11.
cxd5 Nxd5 12. e4 Bxf3 13. Nxf3 Nf6 14. d5 Nd4 15. Bd3 c6 16. Nxd4 exd4 17. dxc6 bxc6 18. Re1 Nd7 19. Rc1 c5 20. Bb5 Rc8 21. Qa4 Re7 22. Red1 Nb6 23. Qa3 Rxe4 24. Rxc5 Rxc5 25. Qxc5 g6 26.
a4 Qd5 27. Qxd5 Nxd5 28. Bc6 Re5 29. Rxd4 Re1+ 30. Kh2 Nf6 31. Bf3 Rb1 32. b4 Ra1 33. a5 Rb1 34. g4 h5 35. gxh5 gxh5 36. a6 Kg7 37. Kg3 Rb2 38. Kf4 Rxf2 39. b5 Rb2 40. Bc6 h4 41. Ke5 h3 42. gxh3 Rh2 43. h4 Rg2 44.
Kd6 Re2 45. Kc7 Re7+ 46. Kb8 Kg6 47. Bb7 Nd7+ 48. Kxa7 Nc5 49. Kb6 Ne6 50. Rc4 f5 51.
a7 1-0

[Event "*** Titled Tuesday Blitz"]
[Site "Chess.com"]
[Date "2020.03.03"]
[Round "7"]
[White "PursuitOfHappyness2"]
[Black "HouseOfDurin"]
[Result "1-0"]
[WhiteElo "2457"]
[BlackElo "2069"]
[TimeControl "180+1"]
[EndTime "14:17:00 PST"]
[Termination "PursuitOfHappyness2 won on time"]

1. Nf3 c5 2. g3 Nc6 3. d4 cxd4 4. Nxd4 g6 5. Bg2 Bg7 6. Nb3 Nf6 7. O-O O-O 8. Nc3 b6 9. a4 Bb7 10. Bf4 d6 11. a5 Nxa5 12. Nxa5 Bxg2 13. Kxg2 bxa5 14.
Qd3 Qb6 15. Be3 Qc6+ 16. Kg1 Ng4 17. Bd4 Ne5 18. Bxe5 Bxe5 19. Nd5 Qd7 20. c3 Rab8 21. Ra2 Rb7 22. Rfa1 Rfb8 23. Rxa5 Rxb2 24. Rxa7 R2b7 25. Rxb7 Qxb7 26. Ra4 Qb1+ 27. Kg2 e6 28. Ne7+ Kg7 29.
Nc6 Qxd3 30. exd3 Rb5 31. c4 Rc5 32. d4 Rxc6 33. dxe5 dxe5 34. Kf3 f5 35. Ke3 Kf6 36. Kd3 g5 37. f3 h5 38. h3 g4 39. hxg4 hxg4 40. fxg4 fxg4 41. Ra5 Rd6+ 42. Ke4 Rd4+ 43. Ke3 Rxc4 44. Ra8 Rc3+ 45. Kf2 Rf3+ 46. Kg2 e4 47. Rg8 Kf5 48. Rf8+ Ke5 49. Rg8 e3 50. Rxg4 Rf2+ 51.
Kg1 Rf7 52. Ra4 1-0

[Event "*** Titled Tuesday Blitz"]
[Site "Chess.com"]
[Date "2020.03.03"]
[Round "7"]
[White "Hubbery"]
[Black "ckgchess"]
[Result "1/2-1/2"]
[WhiteElo "2549"]
[BlackElo "2689"]
[TimeControl "180+1"]
[EndTime "14:17:01 PST"]
[Termination "Game drawn - insufficient material"]

1. d4 d5 2. c4 c6 3. Nf3 Nf6 4. g3 e6 5. Bg2 Bb4+ 6. Nbd2 O-O 7. O-O b6 8. a3 Be7 9. b3 Ba6 10. Bb2 Nbd7 11. Ne5 Nxe5 12. dxe5 Nd7 13. e4 dxc4 14.
Nxc4 Bxc4 15. bxc4 Nc5 16. Bd4 Qd7 17. Be3 Qxd1 18. Rfxd1 Rfd8 19. f4 Nb3 20. Rab1 Rxd1+ 21. Rxd1 Bc5 22. Kf2 Bxe3+ 23. Kxe3 Nc5 24. f5 Kf8 25. Rd6 Rc8 26. g4 Ke8 27. h4 Nb7 28. Rd2 Rd8 29. Rxd8+ Kxd8 30. g5 g6 31. h5 gxh5 32.
f6 Na5 33. Bf1 Nb3 34. Kf4 a6 35. Kg3 Nd2 36. Bd3 b5 37. cxb5 axb5 38. Kh4 Nc4 39. Kxh5 Nxe5 40. Be2 Ke8 41. Kh6 Kf8 42. Kxh7 c5 43.
Bxb5 c4 44. Ba4 c3 45. Bb3 Nf3 46. a4 Nxg5+ 47. Kh6 Nxe4 48. a5 Nc5 49. Bc2 e5 50. Kg5 Ke8 51. Kf5 e4 52. a6 Nxa6 53. Kxe4 Nb4 54.
Ba4+ Kd8 55. Ke3 Na6 56. Bb3 Ke8 57. Kd4 Nb8 58. Kxc3 Nd7 59. Ba4 Kd8 60. Bb3 Nxf6 61.
Bxf7 1/2-1/2

[Event "*** Titled Tuesday Blitz"]
[Site "Chess.com"]
[Date "2020.03.03"]
[Round "7"]
[White "ehrenfeld"]
[Black "norwaytoadog"]
[Result "1-0"]
[WhiteElo "2475"]
[BlackElo "2275"]
[TimeControl "180+1"]
[EndTime "14:17:02 PST"]
[Termination "ehrenfeld won on time"]

1. e4 e5 2. Nc3 Nf6 3. f4 d5 4. fxe5 Nxe4 5. Qf3 Nxc3 6. dxc3 Be6 7. Bf4 Bc5 8.
O-O-O Qe7 9. Ne2 Nc6 10. Nd4 Nxd4 11. cxd4 Bb6 12. Kb1 O-O-O 13. Qg3 Rdg8 14. h4 Qd7 15. Be2 h5 16. Rhf1 Qa4 17. Qe3 Rd8 18. Bg3 Kb8 19. Qb3 Qd7 20. Bb5 c6 21. Be2 Ka8 22. Qb4 Bc7 23.
Bd3 Rb8 24. Rf2 Bd8 25. Re1 Be7 26. Qa5 b6 27. Qd2 c5 28. c3 c4 29. Bc2 b5 30.
b4 cxb3 31. axb3 Rhc8 32. Rf3 Qc7 33. Kb2 Rb6 34. Ra1 Rc6 35. Bd1 b4 36. Be1 bxc3+ 37. Rxc3 Qb6 38. Rxc6 Rxc6 39. Bf2 Bb4 40. Qd3 Bc3+ 41.
Qxc3 Rxc3 42. Kxc3 Qc6+ 43. Kb2 Qb6 44. Rc1 Qb4 45.
Rc3 Qa5 46. Bc2 Qa6 47. Bd3 Qb6 48. Be3 a5 49. g3 a4 50. Ka3 Qa5 51. b4 Qb6 52.
Rc5 Bg4 53. Bb5 Qd8 54. Bc6+ Ka7 55. Bg5 f6 56. exf6 gxf6 57. Bf4 Qe7 58. Bxd5 1-0

[Event "*** Titled Tuesday Blitz"]
[Site "Chess.com"]
[Date "2020.03.03"]
[Round "7"]
[White "PowerThinking2650"]
[Black "WiktoriaPOL"]
[Result "0-1"]
[WhiteElo "2380"]
[BlackElo "2297"]
[TimeControl "180+1"]
[EndTime "14:17:02 PST"]
[Termination "WiktoriaPOL won by checkmate"]

1. e4 c5 2. Nf3 g6 3. d4 cxd4 4. Nxd4 Nc6 5. c4 Bg7 6. Be3 Nf6 7. Nc3 d6 8. Be2 O-O 9. O-O a5 10. a3 a4 11. Ndb5 Qa5 12. f3 Be6 13. Nd5 Bxd5 14. exd5 Ne5 15. f4 Ned7 16. g4 Ne4 17. Bf3 Nec5 18. Qe2 Nb3 19. Rad1 Ndc5 20. f5 Rac8 21. Bf2 Bf6 22. h4 gxf5 23. g5 Be5 24. Qc2 Ne4 25.
Bxe4 fxe4 26. Qxe4 Nd2 27. Qg4 Nxf1 28. Kxf1 Bxb2 29.
Rd3 Be5 30. h5 Qd8 31. Kg2 Qe8 32. Rf3 e6 33. Rf6 exd5 34. Nxd6 Bxd6 35. Rxd6 Qe4+ 36. Qxe4 dxe4 37. c5 Rfe8 38. g6 hxg6 39. hxg6 fxg6 40. Rxg6+ Kf7 41. Rd6 e3 42. Bh4 Rxc5 43. Rd7+ Kg6 44. Rxb7 e2 45. Rb6+ Kh5 46. Be1 Rc1 47. Rb5+ Kg6 48.
Rb6+ Kf7 49. Kf2 Kg8 50. Rb4 Rf8+ 51. Kg2 Rxe1 52. Rg4+ Kf7 53. Rf4+ Ke7 54. Re4+ Kd7 55. Rd4+ Kc6 56. Rc4+ Kb5 57. Rf4 Rxf4 58. Kg3 Ref1 59. Kg2 e1=Q 60. Kh2 Qf2+ 61. Kh3 Rh4# 0-1

[Event "*** Titled Tuesday Blitz"]
[Site "Chess.com"]
[Date "2020.03.03"]
[Round "7"]
[White "GadimbayliA"]
[Black "HomayoonTofighi"]
[Result "1/2-1/2"]
[WhiteElo "2898"]
[BlackElo "2642"]
[TimeControl "180+1"]
[EndTime "14:17:07 PST"]
[Termination "Game drawn - insufficient material"]

1. e4 e6 2. d4 d5 3. Nd2 Be7 4. c3 Nc6 5. e5 f6 6. Ngf3 Nh6 7. Bd3 fxe5 8. Nxe5 Nxe5 9. dxe5 Nf7 10. Nf3 c5 11. b3 Qc7 12. Qe2 Bd7 13. h4 O-O-O 14. Bf4 Qa5 15. Rc1 h6 16. h5 Ng5 17. Nxg5 Bxg5 18. Bxg5 hxg5 19. O-O Rdf8 20. b4 Qc7 21. c4 d4 22.
bxc5 Qxc5 23. Be4 Bc6 24. Rcd1 Qxe5 25. Rfe1 Qxe4 26. Qxe4 Bxe4 27. Rxe4 Rxh5 28. Rdxd4 Rh6 29. Rd6 Rhf6 30. f3 Re8 31. Kf2 Kc7 32. Rdd4 Rf5 33. Kg3 Ra5 34. Rd2 Re7 35. Kg4 Rc5 36. Rde2 Kd7 37. Re5 Rxc4+ 38. Kxg5 b6 39. f4 Kd6 40. f5 Ra4 41. Rxe6+ Rxe6 42. Rxe6+ Kd5 43. Re7 Rxa2 44. g4 a5 45. Rxg7 b5 46. f6 b4 47. Ra7 Kc4 48. f7 Rf2 49. Kh6 b3 50. g5 b2 51.
Rc7+ Kd3 52. Rb7 Rxf7 53. Rxb2 Ra7 54. g6 Kc3 55. Rh2 a4 56. g7 Ra8 57. Rf2 Rg8 58. Rf8 Rxg7 59. Kxg7 a3 60. Rc8+ Kb2 61. Rb8+ Ka1 62. Ra8 a2 63. Rxa2+ Kxa2 1/2-1/2

[Event "*** Titled Tuesday Blitz"]
[Site "Chess.com"]
[Date "2020.03.03"]
[Round "7"]
[White "arjwezhrtdrz"]
[Black "Babas"]
[Result "1-0"]
[WhiteElo "2152"]
[BlackElo "2345"]
[TimeControl "180+1"]
[EndTime "14:17:07 PST"]
[Termination "arjwezhrtdrz won by resignation"]

1. e4 e5 2. Nf3 Nc6 3. Nc3 Nf6 4. Bb5 Bb4 5. O-O O-O 6. d3 d6 7. Bg5 h6 8. Bxf6 Qxf6 9. Nd5 Qd8 10. Bxc6 bxc6 11.
Nxb4 a5 12. Nxc6 Qe8 13. Ncd4 exd4 14. Nxd4 c5 15. Ne2 Be6 16. a4 Rb8 17. b3 Qc6 18. Qd2 d5 19. Ng3 Rfd8 20. exd5 Bxd5 21. f3 c4 22. bxc4 Bxc4 23. Qxa5 Be6 24. Rac1 Rdc8 25. Qd2 Rb2 26. Ne4 Qxa4 27. Rf2 Qa2 28. Qd1 Qa3 29.
h3 Bd7 30. Ra1 Qb4 31. Rc1 Ba4 32. Qd2 Qxd2 33. Rxd2 Rcxc2 34. Rdxc2 Rxc2 35. Rxc2 Bxc2 36. Nc5 Kf8 37. Kf2 Ke7 38. Ke3 Kd6 39. Kd4 g5 40.
g3 f5 41. f4 gxf4 42. gxf4 Bd1 43. h4 Be2 44. Na4 Ke6 45. Nc3 Bf3 46. Kc5 Kf6 47.
Kd6 Kg6 48. Ke5 Kh5 49. Kxf5 Kxh4 50. Ne4 h5 51. Ng5 Bd1 52. d4 Bb3 53. Ke5 Kg3 54.
Ne4+ Kg2 55. d5 h4 56. Ng5 h3 57. Nxh3 Kxh3 58. d6 Ba4 59. f5 Kg4 60. f6 Be8 61. f7 Bxf7 62. d7 1-0

[Event "*** Titled Tuesday Blitz"]
[Site "Chess.com"]
[Date "2020.03.03"]
[Round "7"]
[White "GrigorGrigorov"]
[Black "amiralfio"]
[Result "1-0"]
[WhiteElo "2757"]
[BlackElo "2609"]
[TimeControl "180+1"]
[EndTime "14:17:08 PST"]
[Termination "GrigorGrigorov won by resignation"]

1. d4 f5 2. g3 Nf6 3. Bg2 e6 4. Nh3 d6 5. O-O Be7 6. Nc3 O-O 7. Nf4 c6 8. e4 e5 9. dxe5 dxe5 10. Qxd8 Rxd8 11.
Nd3 fxe4 12. Nxe4 Bf5 13. Re1 Na6 14. Bd2 Bxe4 15. Bxe4 Nc5 16. Bf5 g6 17. Rxe5 Bd6 18. Be6+ Kg7 19. Re2 Nxd3 20. cxd3 Bc5 21. Bc3 Rxd3 22.
Bc4 Rd7 23. Rae1 Rf8 24. b4 Bd4 25. Re7+ Kh6 26. Bd2+ g5 27. Kg2 Bxf2 28. Rxd7 Bxe1 29. Rd6 Bxd2 30. Rxd2 Ne4 31. Re2 Nc3 32. Re6+ Kg7 33. Re7+ Kf6 34. Rxb7 a5 35. bxa5 Ra8 36. a6 Nb5 37. Rb6 Kf5 38. Bxb5 cxb5 39. Rxb5+ Ke4 40. Ra5 g4 41. a7 Ke3 42. h3 h5 43. hxg4 hxg4 44.
Ra4 Ke2 45. Rxg4 Rxa7 46. a4 Ke3 47. Rf4 Rh7 48. a5 Rg7 49. Ra4 Ra7 50. a6 Kd3 51.
g4 Kc3 52. Kg3 Kb3 53. Ra1 Kb2 54. Ra5 Kb3 55. g5 Kb4 56. Ra1 Kb5 57. Kg4 Kb6 58.
g6 Rg7 59. a7 1-0